 Dungeon Crawl Stone Soup version 0.31-a0-150-g89dc3ad700 (webtiles) character file.

Game seed: 16845594147693241404

124 lunkers the Cudgeller (level 5, -5/41 HPs)
             Began as a Meteoran Reaver on June 8, 2023.
             Killed by divine providence
             ... invoked by an orc priest
              (13 damage)
             ... on level 3 of the Dungeon.
             The game lasted 00:02:18 (812 turns).

lunkers the Cudgeller (Meteoran Reaver)              Turns: 812, Time: 00:02:18

Health: -5/41      AC:  5    Str: 15    XL:     5   Next: 56%
Magic:  10/10      EV: 11    Int: 14    God:
Gold:   92         SH:  0    Dex: 13    Spells: 8/9 levels left

rFire   . . .        a - +0 whip (venom)
rCold   . . .        (no shield)
rNeg    . . .        c - +0 ring mail
rPois   +            (no helmet)
rElec   .            (no cloak)
rCorr   .            (no gloves)
SInv    .            (no boots)
Will    .....        m - amulet of the acrobat
Stlth   +            j - ring of poison resistance
HPRegen 0.26/turn    (no ring)
MPRegen 0.12/turn

%: acrobat
@: glowing
A: sense surroundings 1, otherworldly, glowing, explore regen
a: no special abilities


You were on level 3 of the Dungeon.
You visited 1 branch of the dungeon, and saw 4 of its levels.

You collected 92 gold pieces.

Inventory:

Hand Weapons
 a - a +0 whip of venom (weapon)
 d - a +0 mace
Armour
 b - a +0 leather armour
 c - a +0 ring mail (worn)
Jewellery
 j - a ring of poison resistance (left hand)
 m - an amulet of the acrobat (around neck)
Scrolls
 g - 2 scrolls of blinking {unknown}
 h - a scroll of noise {unknown}
 i - a scroll of magic mapping {unknown}
 k - a scroll of enchant armour {unknown}
Potions
 e - a potion of enlightenment {unknown}
 f - a potion of cancellation {unknown}
 l - a potion of magic {unknown}


   Skills:
 - Level 2.1 Fighting
 + Level 7.4 Maces & Flails
 - Level 2.4 Dodging
 - Level 2.6 Spellcasting
 - Level 3.6 Conjurations


You had 8 spell levels left.
You knew the following spells:

 Your Spells              Type           Power      Damage    Failure   Level
p - Kiss of Death         Conj/Necr      24%        2d7       22%         1

Your spell library contained the following spells:

 Spells                   Type           Power      Damage    Failure   Level
 Momentum Strike          Conj/Tloc      12%        3d8       32%         2
 Sting                    Tmut/Pois      4%         1d3       41%         1
 Poisonous Vapours        Pois/Air       2%         N/A       54%         2
 Hailstorm                Conj/Ice       6%         3d4       54%         3
 Olgreb's Toxic Radiance  Pois           1%         N/A       99%         4


Dungeon Overview and Level Annotations

Branches:
Dungeon (4/15) Zot: 1603
 Temple: D:4-7

Altars:


Innate Abilities, Weirdness & Mutations

You passively map a small area around you.
You are easily found by Zot.
You glow in the dark.
You regain HP and MP as you explore.


Message History

The orc priest is lightly wounded.
The orc priest hits you with a +0 hand axe.
You hit the orc priest.
The orc priest looks as sick as possible!
The orc priest is moderately wounded.
The orc priest mumbles some strange prayers to Beogh against you.
Beogh smites you!
* * * LOW HITPOINT WARNING * * *
You barely miss the orc priest.
The orc priest is heavily wounded.
The orc priest completely misses you.
You hit the orc priest but do no damage.
The orc priest looks as sick as possible!
The orc priest is severely wounded.
You barely miss the orc priest.
The orc priest is severely wounded.
The orc priest calls down the wrath of Beogh upon you.
Beogh smites you!
* * * LOW HITPOINT WARNING * * *
The orc priest hits you with a +0 hand axe.
* * * LOW HITPOINT WARNING * * *
You hit the orc priest.
The orc priest looks as sick as possible!
The orc priest is almost dead.
You kill the orc priest!
The orc priest calls down the wrath of Beogh upon you.
You struggle to resist.
You hit the orc.
The orc is poisoned.
The orc is moderately wounded.
The orc hits you with a +0 whip.
* * * LOW HITPOINT WARNING * * *
You hit the orc.
You kill the orc!
The orc priest closely misses you.
Things that are here:
a +0 whip; a +0 hand axe; a +0 ring mail You closely miss the orc priest.
The orc priest calls down the wrath of Beogh upon you.
Beogh smites you!
You die...

..##* * ###... ..##...* *
,.....* , ,
.....#.#######...# ,
...#.#.........#.# ,
........)........#.......# *
* .........<.......#.8...8.#
.....).........#.#.......#
...............#)#.......#
..............##@#o......# ,
................o#.8...8.# ,
,
...............#.#.......#.,
.....#.####........o.......
,*
.....#.#####...####........
......................###..
....####.......######... , ,
....# #.......# #### , ....#
######### , *


You could see an orc priest.

Vanquished Creatures
  A hound (D:4)
  An orc priest (D:3)
  2 worms
  2 dart slugs
  3 orcs (D:3)
  4 endoplasms (D:1)
  A giant cockroach (D:3)
  3 goblins
  4 hobgoblins
  2 quokkas
  4 bats
  3 frilled lizards
  2 kobolds (D:1)
  A rat (D:2)
33 creatures vanquished.

Vanquished Creatures (others)
  An orc wizard (D:3)
1 creature vanquished.

Grand Total: 34 creatures vanquished

Notes
Turn   | Place    | Note
-------+----------+-------------------------------------------
     0 | D:1      | lunkers the Meteoran Reaver began the quest for the Orb.
     0 | D:1      | Reached XP level 1. HP: 17/17 MP: 5/5
    83 | D:1      | Reached XP level 2. HP: 24/24 MP: 6/6
   224 | D:1      | Reached skill level 5 in Maces & Flails
   257 | D:1      | Found a faded altar of an unknown god.
   257 | D:1      | Noticed a smoke demon
   305 | D:1      | Reached XP level 3. HP: 29/29 MP: 8/8
   501 | D:1      | Glimpsed the power of Zot.
   667 | D:2      | You fall into a shaft and drop 2 floors!
   683 | D:4      | Reached skill level 6 in Maces & Flails
   683 | D:4      | Reached XP level 4. HP: 28/36 MP: 9/9
   801 | D:3      | Reached skill level 7 in Maces & Flails
   801 | D:3      | Reached XP level 5. HP: 33/41 MP: 10/10
   812 | D:3      | Killed from afar by an orc priest

Illustrated notes

Levels and vault maps discovered:
D:1:      matt_arrival_los_fun, layout_basic,
          dreamdust_ecumenical_altar_sealed_demon
D:2:      layout_loops_ring
D:3:      cheibrodos_pilgrimage, layout_rooms, mainiacjoe_overflow_chevrons,
          eino_tiny_chamber, st_stairs_8, hangedman_decor_push,
          hellmonk_guarded_unrand_hermit
D:4:      layout_cave_pools

Skill      XL: |  1  2  3  4 |
---------------+-------------+-----
Maces & Flails | 5 6 7 |  7.4
Fighting       | |  2.1
Dodging        | |  2.4
Spellcasting   | |  2.6
Conjurations   | |  3.6

Action                     |  1- 3 |  4- 6 || total
---------------------------+-------+-------++-------
  Melee: Mace              |    14 |       ||    14
         Whip              |    60 |    35 ||    95
         Punch             |     1 |       ||     1
    Use: Scroll            |     1 |       ||     1
 Armour: Leather armour    |     1 |       ||     1
         Ring mail         |    23 |     6 ||    29
  Dodge: Dodged            |    31 |    13 ||    44

Table legend: (Time is in decaauts)
 A = Elapsed time spent in this place.
 B = Non-inter-level travel time spent in this place.
 C = Inter-level travel time spent in this place.
 D = Time resting spent in this place.
 E = Time spent auto-exploring this place.
 F = Levels seen in this place.
 G = Mean time per level.
                   A        B        C        D        E       F      G
               +--------+--------+--------+--------+--------+-----+--------+
         Total |    796 |    796 |      0 |      0 |    494 |   4 |  199.0 |
       Dungeon |    796 |    796 |      0 |      0 |    494 |   4 |  199.0 |
               +--------+--------+--------+--------+--------+-----+--------+

Top non-repeatable levels by time:
     D:1: 504 daAuts
     D:2: 192 daAuts
     D:3: 83 daAuts
     D:4: 14 daAuts
